 Dungeon Crawl Stone Soup version 0.16.0-5-g717f7e7 (webtiles) character file.

127 Esekla the Conjurer (level 5, 0/25 HPs)
             Began as a Vine Stalker Conjurer on Mar 14, 2015.
             Killed by divine providence
             ... invoked by an orc priest
              (12 damage)
             ... on level 3 of the Dungeon on Mar 15, 2015.
             The game lasted 00:36:38 (1899 turns).

Esekla the Conjurer (Vine Stalker Conjurer)         Turns: 1899, Time: 00:36:38

Health: 0/25       AC:  3    Str: 10    XL:     5   Next: 11%
Magic:  0/11       EV: 12    Int: 15    God:
Gold:   43         SH:  0    Dex: 16    Spells: 3 memorised, 3 levels left

rFire  . . .     SeeInvis .     o - +0 dagger
rCold  . . .     Clarity  .     p - +0 leather armour
rNeg   . . .     SustAb   +     (no shield)
rPois  .         Gourm    .     (no helmet)
rElec  .         Spirit   +     (no cloak)
rCorr  .         Warding  .     (no gloves)
rMut   .         Stasis   .     (no boots)
MR     .....                    (no amulet)
Stlth  ++........               (no ring)
                                m - ring of sustain abilities

@: not resistant to hostile enchantments, unstealthy
A: fangs 2, regeneration 1, magic shield, antimagic bite, no device heal 3, rot
immunity
a: no special abilities


You were on level 3 of the Dungeon.
You were not hungry.

You visited 1 branch of the dungeon, and saw 3 of its levels.

You collected 43 gold pieces.

Inventory:

Hand weapons
 g - a +0 hand axe
 n - a +0 mace
 o - a +0 dagger (weapon)
Missiles
 k - 59 stones (quivered)
 l - 16 arrows
Armour
 p - a +0 leather armour (worn)
 s - a +0 leather armour
Jewellery
 m - a ring of sustain abilities (left hand)
Scrolls
 e - a scroll of magic mapping {unknown}
 h - a scroll of teleportation {unknown}
 j - 2 scrolls of identify {unknown}
 r - a scroll of fear {unknown}
Potions
 a - 2 potions of brilliance {unknown}
 d - a potion of degeneration {unknown}
 f - a potion of restore abilities {unknown}
 i - 2 potions of curing {unknown}
Books
 c - a book of Conjurations

   Spells                             Type                      Level
   a - Magic Dart                     Conjuration                  1
   b - Searing Ray                    Conjuration                  2
   c - Dazzling Spray                 Conjuration/Hexes            3
   d - Fulminant Prism                Conjuration/Hexes            4
   e - Iskenderun's Mystic Blast      Conjuration                  4
   f - Iskenderun's Battlesphere      Conjuration/Charms           5
Comestibles
 b - 7 fruits
 q - a beef jerky


   Skills:
 - Level 1.0 Fighting
 * Level 1.2 Short Blades
 - Level 0.1 Axes
 - Level 2.0 Dodging
 - Level 3.0 Stealth
 + Level 2.7 Spellcasting
 + Level 5.0 Conjurations


You had 3 spell levels left.
You knew the following spells:

 Your Spells              Type           Power        Failure   Level  Hunger
a - Magic Dart            Conj           ###.         4%          1    #......
b - Searing Ray           Conj           ###...       8%          2    ##.....
c - Dazzling Spray        Conj/Hex       #.......     34%         3    ###....


Dungeon Overview and Level Annotations

Branches:
Dungeon (3/15)

Altars:
Trog
Yredelemnul


Innate Abilities, Weirdness & Mutations

You have extremely sharp teeth.
Your natural rate of healing is unusually fast.
When hurt, damage is shared between your health and your magic reserves.
Your bite disrupts and absorbs the magic of your enemies.
Potions and wands cannot restore your health.
You are immune to rotting.


Message History

You struggle to resist.
You barely miss the orc priest.
You bite the orc priest, but do no damage.
You hit the orc priest.
You bite the orc priest, but do no damage.
The orc priest is lightly wounded.
The orc priest invokes the aid of Beogh against you.
Pain shoots through your body!
You barely miss the orc priest.
The orc priest is lightly wounded.
The orc priest hits you with a dagger.
You hit the orc priest but do no damage.
The orc priest is lightly wounded.
The orc priest closely misses you.
You hit the orc priest but do no damage.
Your bite misses the orc priest.
The orc priest is lightly wounded.
The orc priest invokes the aid of Beogh against you.
Something smites you!
You die...

##.#...##
##.......########
#...............#
#b..#.....######.#
.....#...## ##.##
#.......#[## ##...######
.......#.######.###......
.......#†o..)†..# #.#####
......##@######.###.#
#...# #.# ##...## ### #.#
##.## #.# #.# ..#
#.####### ### ###........
#....###### #.##.######
#.##.......


You could see an orc priest.

Vanquished Creatures
  An orc wizard (D:3)
  Terence (D:3)
  4 adders
  2 worms
  2 giant geckos
  An ooze (D:3)
  2 orcs (D:3)
  2 giant cockroaches
  4 hobgoblins
  2 quokkas
  A ball python (D:3)
  6 bats
  3 giant newts
  3 goblins
  A kobold (D:2)
  7 rats
42 creatures vanquished.

Notes
Turn   | Place    | Note
--------------------------------------------------------------
     0 | D:1      | Esekla, the Vine Stalker Conjurer, began the quest for the Orb.
     0 | D:1      | Reached XP level 1. HP: 9/9 MP: 3/3
   648 | D:1      | Reached XP level 2. HP: 12/14 MP: 5/5
   664 | D:1      | Learned a level 2 spell: Searing Ray
   801 | D:2      | Reached XP level 3. HP: 17/17 MP: 1/7
   882 | D:2      | Reached skill level 1 in Fighting
   907 | D:2      | Found a basalt altar of Yredelemnul.
  1070 | D:2      | Found a bloodstained altar of Trog.
  1238 | D:2      | Reached XP level 4. HP: 22/22 MP: 9/9
  1366 | D:3      | Noticed Terence
  1390 | D:3      | Killed Terence
  1438 | D:3      | Learned a level 3 spell: Dazzling Spray
  1854 | D:3      | Reached skill level 1 in Short Blades
  1889 | D:3      | Reached skill level 5 in Conjurations
  1889 | D:3      | Reached XP level 5. HP: 19/25 MP: 2/11
  1899 | D:3      | Killed from afar by an orc priest

Action                   |  1- 3 |  4- 6 || total
-------------------------+-------+-------++-------
Melee: Hand axe          |    20 |       ||    20
       Unarmed           |     6 |       ||     6
       Dagger            |    19 |    42 ||    61
Throw: Stone             |    56 |    36 ||    92
 Cast: Magic Dart        |     8 |     6 ||    14
       Searing Ray       |     3 |     4 ||     7
 Stab: Sleeping          |     2 |     2 ||     4
  Eat: Bread ration      |     1 |       ||     1
